 Dungeon Crawl Stone Soup version 0.26-b1-32-g5d43845318 (webtiles) character file.

Game seed: 15225048783314879578

43 Azzok the Skirmisher (level 3, -17/43 HPs)
             Began as a Demonspawn Berserker on Jan 10, 2021.
             Was a Believer of Trog.
             Demolished by an orc warrior
             ... wielding a +0 broad axe
              (18 damage)
             ... on level 2 of the Dungeon.
             The game lasted 00:01:35 (1484 turns).

Azzok the Skirmisher (Demonspawn Berserker)         Turns: 1484, Time: 00:01:35

Health: -17/43     AC:  2    Str: 18    XL:     3   Next: 37%
Magic:  3/3        EV: 12    Int: 12    God:    Trog [**....]
Gold:   110        SH:  0    Dex: 12    Spells: 2/2 levels left

rFire    . . .     SeeInvis .   a - +0 hand axe
rCold    . . .     Faith    .   (no shield)
rNeg     . . .     Spirit   .   b - +0 animal skin
rPois    .         Reflect  .   (no helmet)
rElec    .         Harm     .   (no cloak)
rCorr    .         Rampage  .   (no gloves)
Will     .....                  (no boots)
Stlth    ..........             (no amulet)
HPRegen  0.14/turn              (no ring)
MPRegen  0.08/turn              (no ring)

@: berserking, very quick
A: big brain 2
a: Renounce Religion, Berserk, Trog's Hand


You were on level 2 of the Dungeon.
You worshipped Trog.
Trog was pleased with you.
You visited 1 branch of the dungeon, and saw 2 of its levels.

You collected 110 gold pieces.

Inventory:

Hand Weapons
 a - a +0 hand axe (weapon)
Armour
 b - a +0 animal skin (worn)
Jewellery
 c - a +6 ring of intelligence {unknown}
Scrolls
 f - a scroll of blinking {unknown}
 g - 2 scrolls of identify {unknown}
 h - a scroll of random uselessness {unknown}
 j - a scroll of enchant armour {unknown}
Potions
 d - a potion of flight {unknown}
 e - a potion of berserk rage {unknown}
 i - a potion of mutation {unknown}


   Skills:
 + Level 3.4 Fighting
 + Level 3.1 Axes
 + Level 2.2 Armour
 + Level 2.3 Dodging


You had 2 spell levels left.
You didn't know any spells.
Your spell library was empty.

Dungeon Overview and Level Annotations

Branches:
Dungeon (2/15)

Altars:


Innate Abilities, Weirdness & Mutations

You have an extremely huge brain. (Int +4)


Message History

You barely miss the orc warrior. The orc warrior closely misses you.
You hit the orc.
The orc is heavily wounded.
You hit the orc warrior. The orc closely misses you.
The orc warrior hits you with a +0 broad axe!
* * * LOW HITPOINT WARNING * * *
You hit the orc.
You kill the orc!
Trog accepts your kill.
You barely miss the orc warrior. You hit the orc warrior.
The orc warrior is almost dead.
You slash the leopard gecko!
You kill the leopard gecko!
Trog accepts your kill.
You can now call upon Trog for regeneration and willpower.
You barely miss the jackal. The jackal bites you.
* * * LOW HITPOINT WARNING * * *
The orc warrior hits you with a +0 broad axe!!
You die... ▒·· ·· ·· ·· ▒·▒ ·······▒ ··· <▒·····▒▒▒▒·▒ ·· ·▒··········▒ ▒▒▒g▒ ·▒··········· ·oh

·▒··········▒ ▒h▒ ···
·▒·▒▒···<···▒▒▒▒@▒▒▒·l$·
▒▒·▒▒·▒········††o······
··················▒▒···▒
···▒▒·▒··▒▒▒▒···▒······▒
▒·▒▒▒<·······)▒▒▒▒▒····
··▒ ▒···▒▒▒▒··▒·····▒··▒
▒▒▒▒▒···▒▒>······▒ · ·▒
▒▒▒▒·))········▒▒▒ ·▒ ▒
▒············▒·▒


You could see an orc warrior, an orc, 2 jackals and a hobgoblin.

Vanquished Creatures
  An ooze (D:1)
  2 leopard geckos
  2 orcs (D:2)
  6 bats
  3 giant cockroaches
  4 hobgoblins
  2 jackals (D:2)
  6 kobolds
  2 frilled lizards (D:1)
  3 goblins (D:1)
  A rat (D:1)
32 creatures vanquished.

Vanquished Creatures (others)
  2 fungi (D:2)
  9 plants (D:2)
11 creatures vanquished.

Grand Total: 43 creatures vanquished

Notes
Turn   | Place    | Note
-------+----------+-------------------------------------------
     0 | D:1      | Azzok the Demonspawn Berserker began the quest for the Orb.
     0 | D:1      | Reached XP level 1. HP: 18/18 MP: 1/1
   308 | D:1      | Gained mutation: You have an unusually large brain. (Int
                  | +2) [demonic ancestry]
   308 | D:1      | Reached XP level 2. HP: 24/24 MP: 2/2
  1129 | D:1      | Gained mutation: You have an extremely huge brain. (Int +4)
                  | [demonic ancestry]
  1129 | D:1      | Reached XP level 3. HP: 29/29 MP: 3/3
  1469 | D:2      | Noticed an orc warrior
  1484 | D:2      | Reached ** piety under Trog
  1484 | D:2      | HP: 1/43 [jackal (2)]
  1484 | D:2      | Demolished by an orc warrior

Illustrated notes

Levels and vault maps discovered:
D:1:      dpeg_arrival_court, layout_basic, minmay_misc_feat_plants,
          minmay_split_cup_large
D:2:      layout_rooms, marbit_many_paths, nicolae_ru_the_path_less_chosen,
          feat_on_display

Skill      XL: |  1  2 |
---------------+-------+-----
Armour         | 2 |  2.2
Dodging        | 2 |  2.3
Axes           | 3 |  3.1
Fighting       | |  3.4

Action                   || total
-------------------------++-------
Melee: Hand axe          ||   112
Invok: Berserk           ||     1
 Stab: Sleeping          ||     2
Armor: Animal skin       ||    29
Dodge: Dodged            ||   112
